 Dungeon Crawl Stone Soup version 0.22-a0-614-g34fbaa0 (webtiles) character file.

4205 robertstho the Whirler (level 10, -6/68 HPs)
             Began as a Halfling Hunter on July 12, 2018.
             Was a Believer of Okawaru.
             Splashed by Maurice's acid (13 damage)
             ... on level 10 of the Dungeon.
             The game lasted 00:16:10 (8157 turns).

robertstho the Whirler (Halfling Hunter)            Turns: 8157, Time: 00:16:11

Health: -6/68      AC:  2    Str: 13    XL:     10   Next: 54%
Magic:  10/10      EV: 14    Int:  9    God:    Okawaru [**....]
Gold:   490        SH:  0    Dex: 19    Spells: 9/9 levels left

rFire    . . .     SeeInvis .   A - +2 war axe (chop)
rCold    . . .     Gourm    .   (shield restricted)
rNeg     . . .     Faith    .   C - +0 scale mail
rPois    .         Spirit   .   (no helmet)
rElec    .         Reflect  .   (no cloak)
rCorr    .         Harm     .   i - +1 pair of gloves
MR       .....                  n - +0 pair of boots
Stlth    ++........             (no amulet)
HPRegen  0.21/turn              k - ring of stealth
MPRegen  0.12/turn              (no ring)

@: lethally poisoned (-6 -> -11), corroded
A: small, mutation resistance 1
a: Heroism, Renounce Religion


You were on level 10 of the Dungeon.
You worshipped Okawaru.
Okawaru was pleased with you.
You were full.

You visited 2 branches of the dungeon, and saw 10 of its levels.

You collected 490 gold pieces.

Inventory:

Hand Weapons
 a - a +1 hunting sling
 b - a +0 short sword
 m - a +2 vampiric spear
 A - a +2 war axe of chopping (weapon)
 D - a +1 flail of crushing
Missiles
 e - a throwing net
 h - 231 stones (quivered)
Armour
 c - a +0 leather armour
 i - a +1 pair of gloves (worn)
 n - a +0 pair of boots (worn)
 t - the +0 robe of the Enchanted Forest {Dex+4}
   (You found it on level 7 of the Dungeon)

   It affects your dexterity (+4).
 C - a +0 scale mail (worn)
Jewellery
 k - a ring of stealth (left hand)
Wands
 o - a wand of enslavement (18)
 s - a wand of acid (32)
 w - a wand of digging (21)
Scrolls
 d - 3 scrolls of identify
 g - 6 scrolls of remove curse
 j - a scroll of fog
 l - 2 scrolls of amnesia
 p - a scroll of fear
Comestibles
 f - 22 rations
 q - 3 chunks of flesh


   Skills:
 + Level 6.1 Fighting
 + Level 4.8 Axes
 + Level 0.2(2.6) Maces & Flails
 * Level 15.6 Slings
 + Level 4.2 Armour
 + Level 4.0 Dodging
 - Level 1.1 Stealth


You had 9 spell levels left.
You didn't know any spells.
Your spell library contained the following spells:

 Spells                   Type           Power        Failure   Level  Hunger
 Summon Small Mammal      Summ           #...         86%         1    ##.....
 Summon Ice Beast         Ice/Summ       #.......     100%        4    #####..
 Call Imp                 Summ           #.......     95%         2    ###....
 Regeneration             Chrm/Necr      #.........   99%         3    ####...
 Call Canine Familiar     Summ           #.......     99%         3    ####...
 Shroud of Golubria       Chrm/Tloc      #.........   95%         2    ###....
 Infusion                 Chrm           #...         86%         1    ##.....
 Song of Slaying          Chrm           #.......     95%         2    ###....
 Spectral Weapon          Hex/Chrm       #.......     99%         3    ####...
 Summon Lightning Spire   Summ/Air       #.......     100%        4    #####..
 Summon Guardian Golem    Hex/Summ       #.......     99%         3    ####...


Dungeon Overview and Level Annotations

Branches:
Dungeon (8/15)             Temple (1/1) D:7
   Lair: D:8-11

Altars:
Dithmenos
Fedhas
Hepliaklqana
Nemelex Xobeh
Okawaru
Xom
The Shining One

Annotations:
D:7 5 runed doors
D:10 Maurice


Innate Abilities, Weirdness & Mutations

You are small and have problems with some larger weapons.
You are somewhat resistant to further mutation.


Message History

Wield which item (- for none, * to show all)? (? for menu, Esc to quit)
A - a +2 war axe of chopping (weapon)
The adder bites you.
You are poisoned.
The adder poisons you!
You hit the adder but do no damage.
You feel sick. The adder completely misses you. The adder bites you.
You are more poisoned.
The adder poisons you!
You completely miss the adder.
You feel sick. The adder barely misses you.
You slash the adder!
You kill the adder!
Okawaru accepts your kill.
You feel sick.
You hear a zap.
A bolt of acid appears from out of thin air!
The bolt of acid hits you!
* * * LOW HITPOINT WARNING * * *
The acid corrodes you!
You are splashed with acid!
The acid burns!
You die...

#.##....##.####.# ###
#.##..#.........# ..
.........#.######
#.###.# ####.......#
..... ##......#
###..###.. ##...###
#........# ### #...#
#.#(.....# ..# #...#
#.#(##.(.# #.# #...#
#@#(. ...
#.####...#######.#(..
#
.................##(#.
.................#
(#..
................## (#
## ..####...########
#.# #...# #.# #...#
#.# #...#


There were no monsters in sight!

Vanquished Creatures
  A two-headed ogre (D:10)
  Prince Ribbit (D:8)
  5 yaks (D:7)
  A water moccasin (D:7)
  An orc warrior (D:6)
  3 ice beasts
  3 phantoms
  3 sky beasts
  3 ogres
  A gnoll sergeant (D:10)
  3 bullfrogs
  3 killer bees (D:10)
  3 howler monkeys
  A crimson imp (D:6)
  A quasit (D:8)
  6 hounds
  2 orc priests
  A jelly (D:5)
  5 orc wizards
  A bullfrog skeleton (D:6)
  4 iguanas
  3 worker ants
  2 worker ant zombies
  9 adders
  6 gnolls
  2 oozes
  An adder zombie (D:5)
  5 worms (D:3)
  2 dart slugs (D:2)
  3 leopard geckos
  20 orcs
  7 bats
  4 giant cockroaches
  8 goblins
  7 hobgoblins
  7 jackals
  3 quokkas
  A ball python (D:6)
  A frilled lizard (D:1)
  9 kobolds
  A leopard gecko zombie (D:5)
  A quokka skeleton (D:8)
  9 rats
  A plant (D:3)
164 creatures vanquished.

Notes
Turn   | Place    | Note
-------+----------+-------------------------------------------
     0 | D:1      | robertstho the Halfling Hunter began the quest for the Orb.
     0 | D:1      | Reached XP level 1. HP: 14/14 MP: 1/1
    51 | D:1      | Reached skill level 6 in Slings
   108 | D:1      | Reached XP level 2. HP: 19/19 MP: 2/2
   323 | D:1      | Reached XP level 3. HP: 24/24 MP: 3/3
   551 | D:1      | Reached skill level 7 in Slings
  1100 | D:2      | Reached XP level 4. HP: 29/29 MP: 4/4
  1183 | D:2      | Reached skill level 8 in Slings
  1743 | D:3      | Reached XP level 5. HP: 34/34 MP: 5/5
  2252 | D:3      | Reached skill level 9 in Slings
  2471 | D:4      | Reached XP level 6. HP: 39/39 MP: 6/6
  2592 | D:4      | Noticed a sky beast
  2611 | D:4      | Killed a sky beast
  2611 | D:4      | Reached skill level 10 in Slings
  2844 | D:4      | Noticed a phantom
  2853 | D:4      | Killed a phantom
  2853 | D:4      | Reached XP level 7. HP: 43/45 MP: 7/7
  3002 | D:4      | Reached skill level 11 in Slings
  3125 | D:4      | Reached skill level 1 in Armour
  3375 | D:5      | Entered Level 5 of the Dungeon
  3417 | D:5      | Reached skill level 12 in Slings
  3417 | D:5      | Reached XP level 8. HP: 42/51 MP: 8/8
  3746 | D:5      | Reached skill level 13 in Slings
  4484 | D:6      | Reached XP level 9. HP: 48/57 MP: 9/9
  4634 | D:6      | Reached skill level 14 in Slings
  5035 | D:7      | Found a runed door.
  5193 | D:7      | Got a shadowed robe
  5204 | D:7      | Identified the +0 robe of the Enchanted Forest {Dex+4} (You found it on level 7 of the Dungeon)
  5400 | D:7      | Found a staircase to the Ecumenical Temple.
  5408 | Temple   | Entered the Ecumenical Temple
  5500 | Temple   | Became a worshipper of Warmaster Okawaru
  5566 | D:7      | Found a runed door.
  5567 | D:7      | Found a runed gate.
  5822 | D:7      | Found the +9 staff of Olgreb {rPois}
  5835 | D:7      | Found a runed gate.
  5835 | D:7      | Found a runed gate.
  6801 | D:7      | Reached skill level 1 in Axes
  6804 | D:7      | Reached skill level 5 in Fighting
  6808 | D:7      | Reached skill level 15 in Slings
  6821 | D:7      | Reached * piety under Okawaru
  7111 | D:7      | Reached XP level 10. HP: 52/66 MP: 10/10
  7288 | D:8      | Noticed Prince Ribbit
  7303 | D:8      | Killed Prince Ribbit
  7357 | D:8      | You fall through a shaft for 2 floors!
  7357 | D:10     | Entered Level 10 of the Dungeon
  7427 | D:10     | Noticed a two-headed ogre
  7442 | D:10     | Killed a two-headed ogre
  7442 | D:10     | Reached ** piety under Okawaru
  8128 | D:10     | Noticed Maurice
  8157 | D:10     | Splashed by Maurice's acid

Vault maps used:
D:1:      lemuel_arrival_tunnels
D:3:      grunt_ministairs_10, serial_bayou_lake_a
D:5:      first_ration, minmay_misc_feat_room, minmay_door_square,
          serial_bayou_pond_b
D:6:      minmay_misc_feat_chi, hangedman_abyss_or_decor_lesser_grid
D:7:      lemuel_ice_spiral_2, minmay_temple_entry_mist, grunt_ogre_cave,
          minmay_guarded_unrand_staff_of_olgreb
D:8:      basic_altar, uniq_joseph, uniq_psyche, uniq_pikel, uniq_prince_ribbit1
D:10:     uniq_maurice
Temple:   dpeg_five_rooms_temple

Skill      XL: |  1  2  3  4  5  6  7  8  9 10 |
---------------+-------------------------------+-----
Slings         | 6 7 8 9 10 12 13 15 | 15.6
Fighting       | 2 3 5 6 |  6.1
Armour         | 2 3 4 |  4.2
Dodging        | 3 4 |  4.0
Axes           | 2 4 |  4.8
Maces & Flails | |  0.2
Stealth        | |  1.1

Action                   |  1- 3 |  4- 6 |  7- 9 | 10-12 || total
-------------------------+-------+-------+-------+-------++-------
Melee: Short sword       |       |   196 |       |       ||   196
       War axe           |       |       |    55 |     6 ||    61
       Flail             |       |       |       |     2 ||     2
 Fire: Hunting sling     |    53 |   163 |   398 |   139 ||   753
  Use: Scroll            |       |       |    10 |       ||    10
       Potion            |       |       |     6 |       ||     6
 Stab: Sleeping          |       |       |     1 |       ||     1
  Eat: Chunk             |       |     2 |    10 |     2 ||    14
       Ration            |       |     1 |     1 |     2 ||     4
Armor: Leather armour    |       |     2 |    20 |       ||    22
       Skin              |       |       |    22 |       ||    22
       Robe              |       |       |     2 |       ||     2
       Scale mail        |       |       |       |    22 ||    22
Dodge: Dodged            |    10 |    20 |    78 |    37 ||   145

Table legend:
 A = Spawn XP
 B = Non-spawn XP
 C = Spawn XP percentage of total XP
 D = Spawn monster count
 E = Non-spawn monster count
 F = Spawn count percentage of total count
 G = Total turns spent on level
                    A         B        C        D         E        F      G
               +---------+---------+-------+---------+---------+-------+---------
         Total |       0 |    6008 |   0.0 |       0 |     163 |   0.0 |  8157
               +---------+---------+-------+---------+---------+-------+---------
           D:1 |       0 |      36 |   0.0 |       0 |      19 |   0.0 |  1032
           D:2 |       0 |      84 |   0.0 |       0 |      21 |   0.0 |   618
           D:3 |       0 |     140 |   0.0 |       0 |      32 |   0.0 |   896
           D:4 |       0 |     684 |   0.0 |       0 |      11 |   0.0 |   829
           D:5 |       0 |     625 |   0.0 |       0 |      17 |   0.0 |   735
           D:6 |       0 |     904 |   0.0 |       0 |      23 |   0.0 |  1387
           D:7 |       0 |    1552 |   0.0 |       0 |      19 |   0.0 |  1596
           D:8 |       0 |     479 |   0.0 |       0 |       5 |   0.0 |   135
          D:10 |       0 |    1504 |   0.0 |       0 |      16 |   0.0 |   800
               +---------+---------+-------+---------+---------+-------+---------
